 Dungeon Crawl Stone Soup version 0.23.1-37-gaa34b87 (webtiles) character file.

Game seed: 11810007206752786420

59 rok the Vandal (level 4, 0/29 HPs)
             Began as a Halfling Hunter on Mar 25, 2019.
             Slain by an adder (3 damage)
             ... on level 3 of the Dungeon.
             The game lasted 00:40:36 (2043 turns).

rok the Vandal (Halfling Hunter)                    Turns: 2043, Time: 00:40:37

Health: 0/29       AC:  3    Str: 13    XL:     4   Next: 22%
Magic:  4/4        EV: 15    Int:  9    God:
Gold:   106        SH:  0    Dex: 15    Spells: 3/3 levels left

rFire    . . .     SeeInvis .   b - +0 short sword
rCold    . . .     Gourm    .   (shield restricted)
rNeg     . . .     Faith    .   c - +0 leather armour
rPois    .         Spirit   .   (no helmet)
rElec    .         Reflect  .   (no cloak)
rCorr    .         Harm     .   (no gloves)
MR       .....                  (no boots)
Stlth    ++........             (no amulet)
HPRegen  0.09/turn              (no ring)
MPRegen  0.09/turn              (no ring)

@: lethally poisoned (0 -> -5)
A: small, mutation resistance 1
a: no special abilities


You were on level 3 of the Dungeon.
You were not hungry.

You visited 1 branch of the dungeon, and saw 3 of its levels.

You collected 106 gold pieces.

Inventory:

Hand Weapons
 a - a +1 hunting sling
 b - a +0 short sword (weapon)
 l - a cursed -3 dagger
 n - a +0 dagger
 r - a +0 hunting sling
Missiles
 d - 33 sling bullets
 j - 64 stones (quivered)
 k - 57 arrows
Armour
 c - a +0 leather armour (worn)
Scrolls
 g - a scroll of fear {unknown}
 h - 3 scrolls of enchant weapon {unknown}
 m - 2 scrolls of remove curse {unknown}
 q - 2 scrolls of identify {unknown}
Potions
 e - 2 potions of might {unknown}
 p - a potion of curing {unknown}
 s - a potion of lignification {unknown}
Comestibles
 f - 6 rations
 o - 2 chunks of flesh


   Skills:
 + Level 2.2 Fighting
 + Level 1.1 Short Blades
 + Level 6.7 Slings
 + Level 1.2 Armour
 + Level 2.6 Dodging
 + Level 1.2 Stealth


You had 3 spell levels left.
You didn't know any spells.
Your spell library was empty.

Dungeon Overview and Level Annotations

Branches:
Dungeon (3/15)

Altars:


Innate Abilities, Weirdness & Mutations

You are small and have problems with some larger weapons.
You are somewhat resistant to further mutation.


Message History

You are more poisoned.
The adder poisons you!
You feel sick.
You feel sick.
You feel sick. The adder barely misses you.
You feel sick.
You feel sick.
You feel sick.
You feel sick. The adder bites you.
* * * LOW HITPOINT WARNING * * *
You feel sick.
* * * LOW HITPOINT WARNING * * *
You feel sick. The adder bites you.
* * * LOW HITPOINT WARNING * * *
* * * LOW HITPOINT WARNING * * *
You feel sick.
* * * LOW HITPOINT WARNING * * *
You feel sick. The adder bites you.
You die...

##### #...# #.#.#
#.#.# ########.#'#####
#...#..........#
#.##...#..........#
#......<@S........#
####...#..........+
#...#..........#######
+.....................
#...####..####.....$.?
#... #.... #........
#... ##..###......#.
#... ...# #......#. ..
......#.#.


You could see an adder.

Vanquished Creatures
  3 adders
  An ooze (D:1)
  A dart slug (D:2)
  2 giant cockroaches
  5 goblins
  A hobgoblin (D:2)
  5 bats
  5 kobolds
  3 rats
26 creatures vanquished.

Notes
Turn   | Place    | Note
-------+----------+-------------------------------------------
     0 | D:1      | rok the Halfling Hunter began the quest for the Orb.
     0 | D:1      | Reached XP level 1. HP: 14/14 MP: 1/1
    90 | D:1      | Reached skill level 6 in Slings
   354 | D:1      | Reached XP level 2. HP: 11/19 MP: 2/2
  1231 | D:2      | Reached XP level 3. HP: 23/24 MP: 3/3
  1471 | D:2      | Reached skill level 1 in Armour
  1586 | D:2      | Found a faded altar of an unknown god.
  1646 | D:2      | Reached skill level 1 in Short Blades
  1646 | D:2      | Reached XP level 4. HP: 26/29 MP: 4/4
  2043 | D:3      | Slain by an adder

Skill      XL: |  1  2  3 |
---------------+----------+-----
Slings         | 6 |  6.7
Fighting       | 2 |  2.2
Armour         | 1 |  1.2
Short Blades   | 1 |  1.1
Dodging        | |  2.6
Stealth        | |  1.2

Action                   |  1- 3 |  4- 6 || total
-------------------------+-------+-------++-------
Melee: Short sword       |    56 |    28 ||    84
       Hunting sling     |     4 |       ||     4
       Dagger            |     8 |       ||     8
 Fire: Hunting sling     |    42 |     6 ||    48
  Use: Potion            |       |     1 ||     1
  Eat: Ration            |     1 |       ||     1
Armor: Leather armour    |    23 |     3 ||    26
Dodge: Dodged            |    79 |    27 ||   106
